 Dungeon Crawl Stone Soup version 0.30.0-5-g1a98f26d00 (webtiles) character file.

Game seed: 11611023130351171671

109 selver the Slasher (level 4, -7/35 HPs)
             Began as a Demonspawn Monk on May 12, 2023.
             Mangled by an orc
             ... wielding a +0 trident
              (9 damage)
             ... on level 4 of the Dungeon.
             The game lasted 00:03:26 (1520 turns).

selver the Slasher (Demonspawn Monk)                Turns: 1520, Time: 00:03:27

Health: -7/35      AC:  2    Str: 12    XL:     4   Next: 60%
Magic:  4/4        EV: 13    Int: 11    God:
Gold:   115        SH:  4    Dex: 17    Spells: 3/3 levels left

rFire   . . .        a - +0 falchion
rCold   . . .        d - orb {light}
rNeg    . . .        b - +0 robe
rPois   .            (no helmet)
rElec   .            (no cloak)
rCorr   .            (no gloves)
SInv    .            (no boots)
Will    .....        (no amulet)
Stlth   +            (no ring)
HPRegen 0.25/turn    (no ring)
MPRegen 0.09/turn

%: no passive effects
@: glowing
A: condensation shield
a: no special abilities


You were on level 4 of the Dungeon.
You visited 1 branch of the dungeon, and saw 4 of its levels.

You collected 115 gold pieces.

Inventory:

Hand Weapons
 a - a +0 falchion (weapon)
Armour
 b - a +0 robe (worn)
 d - an orb of light (worn)
Scrolls
 h - 4 scrolls of identify {unknown}
 i - a scroll of fear {unknown}
 k - a scroll of vulnerability {unknown}
 m - a scroll of enchant armour {unknown}
 n - a scroll of noise {unknown}
 p - a scroll of immolation {unknown}
 q - a scroll of amnesia {unknown}
Potions
 c - a potion of degeneration {unknown}
 e - a potion of invisibility
 f - a potion of attraction {unknown}
 j - a potion of haste {unknown}
 l - a potion of heal wounds {unknown}
 o - a potion of mutation {unknown}


   Skills:
 - Level 3.0 Fighting
 + Level 4.9 Long Blades
 - Level 2.6 Dodging


You had 3 spell levels left.
You didn't know any spells.
Your spell library was empty.

Dungeon Overview and Level Annotations

Branches:
Dungeon (4/15)
 Temple: D:4-7

Altars:
Xom

Annotations:
D:3 Sigmund


Innate Abilities, Weirdness & Mutations

A meltable shield of frost defends you. (SH +4)


Message History

You block the giant cockroach's attack. The orc hits you with a +0 club.
* * * LOW HITPOINT WARNING * * *
The orc barely misses you. x2
You slash the orc!
You kill the orc!
The giant cockroach misses you. The orc hits you but does no damage.
The orc hits you from afar with a +0 trident.
* * * LOW HITPOINT WARNING * * *
You hit the giant cockroach.
You kill the giant cockroach!
You block the ball python's attack. The ball python closely misses you.
The orc misses you. You block the orc's attack.
The ball python barely misses you. The ball python completely misses you.
You hit the orc but do no damage. You block the orc's attack.
The orc barely misses you. The ball python barely misses you.
The ball python closely misses you.
Unknown command.
You hit the orc but do no damage. The orc closely misses you.
The orc hits you but does no damage. The ball python bites you.
* * * LOW HITPOINT WARNING * * *
The ball python closely misses you.
You hit the orc.
The orc is severely wounded.
You block the ball python's attack. The ball python barely misses you.
The orc closely misses you. The orc barely misses you.
You hit the orc.
You kill the orc!
The ball python barely misses you. The ball python closely misses you.
The orc completely misses you. The ball python bites you.
* * * LOW HITPOINT WARNING * * *
You block the ball python's attack.
Your orb glows too brightly for you to become invisible.
Use anyway?
Okay, then.
The orc misses you. You block the ball python's attack.
The ball python barely misses you.
You see here a giant cockroach corpse.
You hit the orc.
The orc is severely wounded.
The orc hits you with a +0 trident!
You die...

.......... #........
#.!....!# #.......#
#......##
#.......##.#
#..o........ ...
..###.)@S### ....
.....:..)..####.....
.....................
#....................
##........$..........
#........)..........
#...................
#.........)........#
.........###...?...#


You could see an orc and a ball python.

Vanquished Creatures
  A hound (D:4)
  2 adders
  4 dart slugs
  4 orcs (D:4)
  5 ball pythons
  4 bats
  2 endoplasms
  2 giant cockroaches
  4 goblins
  5 hobgoblins
  A quokka (D:1)
  5 frilled lizards
  10 kobolds
  6 rats
55 creatures vanquished.

Notes
Turn   | Place    | Note
-------+----------+-------------------------------------------
     0 | D:1      | selver the Demonspawn Monk began the quest for the Orb.
     0 | D:1      | Reached XP level 1. HP: 18/18 MP: 1/1
   148 | D:1      | Reached skill level 3 in Long Blades
   230 | D:1      | Gained mutation: A meltable shield of frost defends you.
                  | (SH +4) [demonic ancestry]
   230 | D:1      | Reached XP level 2. HP: 20/24 MP: 2/2
   520 | D:1      | Reached XP level 3. HP: 29/29 MP: 3/3
   782 | D:2      | Identified the +4 war axe of a Gauntlet {freeze, rElec
                  | Int+2}
   799 | D:2      | Found a shimmering altar of Xom.
   841 | D:2      | Reached skill level 4 in Long Blades
  1409 | D:3      | Noticed Sigmund
  1410 | D:3      | Noticed a water moccasin
  1429 | D:4      | Reached XP level 4. HP: 21/35 MP: 4/4
  1518 | D:4      | HP: 1/35 [ball python (2)]
  1520 | D:4      | Mangled by an orc

Illustrated notes

Levels and vault maps discovered:
D:1:      dpeg_arrival_circle_labyrinth_c, layout_basic, grunt_decor_cap,
          hangedman_abyss_or_decor_stabs
D:2:      minmay_door_path, layout_rooms, basic_altar
D:3:      layout_rooms, minmay_fractal_squares_gapless_5, uniq_sigmund,
          uniq_grinder
D:4:      layout_cave_pools, nemelex_spade_bored_becter, kennysheep_little_box,
          zin_statuary, mainiacjoe_overflow_paths

Skill      XL: |  1  2  3 |
---------------+----------+-----
Long Blades    | 3 4 |  4.9
Fighting       | |  3.0
Dodging        | |  2.6

Action                     |  1- 3 |  4- 6 || total
---------------------------+-------+-------++-------
  Melee: Falchion          |   116 |    21 ||   137
    Use: Potion            |     3 |     1 ||     4
 Armour: Robe              |    13 |     4 ||    17
  Dodge: Dodged            |    71 |    32 ||   103
  Block: Orb               |    19 |    11 ||    30
